[Event "Titled Tuesday Blitz March 21 Early 2023"]
[White "Manon-og, Ramon Jr."]
[Black "Demin, Vladimir"]
[WhiteFideId "5200776"]
[BlackFideId "4167457"]
[WhiteElo "2341"]
[BlackElo "2624"]
[Result "0-1"]
[Round "03"]
[TimeControl "180+2"]
[Date "2023.03.21"]
[WhiteClock "0:00:10"]
[BlackClock "0:00:05"]

1. e4 e5 2. Nf3 Nc6 3. Bc4 Nf6 4. Ng5 d5 5. exd5 Na5 6. Bb5+ c6 7. dxc6 bxc6 8. Bd3 Nd5 9. Nf3 Bd6 10. O-O O-O 11. Re1 Re8 12. Nc3 Nf4 13. Bf1 f5 14. d4 e4 15. Ne5 Nd5 16. Nxc6 Nxc3 17. Nxd8 Nxd1 18. Rxd1 Rxd8 19. c4 Nc6 20. Bg5 Be7 21. Bxe7 Nxe7 22. d5 a5 23. b3 Kf7 24. Rac1 Ba6 25. f3 exf3 26. gxf3 Rab8 27. Kf2 a4 28. Rc3 Nc6 29. Bd3 Nb4 30. Bxf5 Nxa2 31. Re3 axb3 32. c5 b2 33. c6 Rd6 34. Ra3 Bc4 35. Bb1 Nb4 36. Ra7+ Kf8 37. Rg1 g6 38. Rg4 Bxd5 39. Rxh7 Nxc6 40. Rh8+ Kg7 41. Rxb8 Nxb8 42. Rb4 Nd7 43. Rxb2 Rf6 44. Rd2 Nb6 45. Kg3 Rxf3+ 46. Kg4 Rb3 47. Bc2 Rb4+ 48. Kg3 Kh6 49. h4 Rc4 50. Rh2 Rc3+ 51. Kf4 Bf7 52. Ke5 Be8 53. Kd4 Rg3 54. Kc5 Nd7+ 55. Kd6 Nf6 56. Ke7 Rf3 57. Rg2 Rf1 58. Bd3 Rf3 59. Be2 Re3+ 60. Kxf6 Kh7 61. Bd1 Bd7 62. Bc2 Re6+ 63. Kf7 Rc6 64. h5 Kh6 65. Bxg6 Be6+ 66. Ke7 Bd5 67. Rd2 Bf3 68. Rf2 Bxh5 69. Bxh5 Kxh5 70. Rh2+ Kg4 71. Rg2+ Kf3 72. Ra2 Rc3 73. Kd6 Ke3 74. Kd5 Kd3 75. Rh2 Rc1 76. Rh3+ Ke2 77. Ke4 Rc4+ 78. Kd5 Ra4 79. Rh2+ Kf3 80. Rh3+ Kg4 81. Rb3 Ra5+ 82. Kc4 Ra8 83. Rd3 Kf4 84. Rd4+ Ke5 85. Rh4 Ra4+ 86. Kc5 Rxh4 0-1


[Site "https://www.chess.com"]

[Event "Titled Tuesday Blitz March 21 Early 2023"]
[White "Rastbod, Ali"]
[Black "Abduzhaparov"]
[WhiteFideId "12567477"]
[WhiteElo "2211"]
[BlackElo "2339"]
[Result "0-1"]
[Round "03"]
[TimeControl "180+2"]
[Date "2023.03.21"]
[WhiteClock "0:00:02"]
[BlackClock "0:00:58"]

1. e4 d6 2. d4 Nf6 3. Nc3 e5 4. Nf3 Nbd7 5. Bc4 Be7 6. O-O O-O 7. Re1 c6 8. a4 b6 9. h3 a6 10. d5 c5 11. Bf1 Kh8 12. Nd2 Ng8 13. Nc4 Ndf6 14. Rb1 a5 15. Nb5 Ne8 16. c3 Bd7 17. Nca3 Nc7 18. Nxc7 Qxc7 19. Bb5 f5 20. Bxd7 Qxd7 21. exf5 Qxf5 22. Be3 Bg5 23. Bxg5 Qxg5 24. Nc4 Rf6 25. Qd2 Qh4 26. Nxb6 Raf8 27. Re2 Rg6 28. Qe3 Nf6 29. Kh2 Ng4+ 30. Kh1 Nxe3 31. fxe3 Rf2 32. Rxf2 Qxf2 33. Rg1 Qxb2 34. Nc8 Qxc3 35. Ne7 Rf6 36. Rb1 h5 37. Kh2 Qxe3 38. Rb8+ Kh7 0-1


[Site "https://www.chess.com"]

[Event "Titled Tuesday Blitz March 21 Early 2023"]
[White "Khumalo, Keith"]
[Black "Rosenberg, Evan S"]
[WhiteFideId "14319470"]
[BlackFideId "2019299"]
[WhiteElo "2056"]
[BlackElo "2320"]
[Result "1-0"]
[Round "03"]
[TimeControl "180+2"]
[Date "2023.03.21"]
[WhiteClock "0:01:56"]
[BlackClock "0:00:14"]

1. d4 d5 2. c4 e6 3. Nf3 c5 4. g3 dxc4 5. Bg2 Nc6 6. O-O cxd4 7. Qa4 Bd7 8. Qxc4 Qb6 9. Bf4 Qxb2 10. Nbd2 Qc3 11. Qb5 Qb4 12. Qd3 Qc3 13. Qb5 Nd8 14. Qe5 Nc6 15. Qc7 Rc8 16. Qxb7 Qb4 17. Qa6 Qb6 18. Qd3 Nf6 19. Nc4 Qd8 20. Nd6+ Bxd6 21. Bxd6 Ne7 22. Ne5 O-O 23. Qa3 Re8 24. Qxa7 Nc6 25. Bxc6 Bxc6 26. Qxf7+ Kh8 27. Qa7 Qxd6 28. Nf7+ Kg8 29. Nxd6 Ra8 30. Qf7+ Kh8 31. Nxe8 Ne4 32. Qxg7# 1-0


[Site "https://www.chess.com"]

[Event "Titled Tuesday Blitz March 21 Early 2023"]
[White "Vlassov, Nikolai"]
[Black "Hernandez Leon, Alberto"]
[WhiteFideId "4103360"]
[BlackFideId "2272555"]
[WhiteElo "2324"]
[BlackElo "2239"]
[Result "1-0"]
[Round "03"]
[TimeControl "180+2"]
[Date "2023.03.21"]
[WhiteClock "0:00:11"]
[BlackClock "0:00:01"]

1. e4 e5 2. Bc4 Nf6 3. d3 c6 4. Nf3 d5 5. Bb3 Nbd7 6. Nc3 Bb4 7. O-O Bxc3 8. bxc3 O-O 9. exd5 Nxd5 10. Bd2 Qf6 11. Re1 Re8 12. Ng5 h6 13. Ne4 Qg6 14. Qf3 N7f6 15. Nd6 Bg4 16. Qg3 Nh5 17. Qh4 Bf3 18. Qh3 Bxg2 19. Qxg2 Qxd6 20. Kh1 Nhf4 21. Qf3 Re6 22. c4 Nf6 23. c5 Qd4 24. Bxf4 exf4 25. Bxe6 fxe6 26. Rab1 e5 27. Rxb7 Qxc5 28. Rg1 g5 29. h4 g4 30. Rxg4+ Kh8 31. Rg6 Qd5 32. Rxh6+ Kg8 33. Qxd5+ Nxd5 34. Rxc6 Rd8 35. Rxa7 e4 36. dxe4 1-0


[Site "https://www.chess.com"]

[Event "Titled Tuesday Blitz March 21 Early 2023"]
[White "Ozates, Tuna"]
[Black "Bogaudinov, Rushan"]
[WhiteFideId "6354521"]
[BlackFideId "4129288"]
[WhiteElo "2151"]
[BlackElo "1949"]
[Result "1-0"]
[Round "03"]
[TimeControl "180+2"]
[Date "2023.03.21"]
[WhiteClock "0:00:42"]
[BlackClock "0:00:04"]

1. e4 c5 2. Nf3 Nc6 3. Bb5 Qc7 4. O-O a6 5. Bxc6 Qxc6 6. d4 cxd4 7. Nxd4 Qc7 8. Nc3 e6 9. Bg5 Be7 10. Qg4 h5 11. Qh4 f6 12. Be3 g5 13. Qh3 b5 14. a3 Bb7 15. Rfe1 O-O-O 16. Qf3 f5 17. Qe2 f4 18. Ndxb5 axb5 19. Nxb5 Ba6 20. Bd4 e5 21. Bc3 Nf6 22. Bb4 Rde8 23. c4 Bxb5 24. cxb5 Bxb4 25. axb4 Kd8 26. b6 Qxb6 27. Ra6 Qxb4 28. Rxf6 Ke7 29. Rf5 Qd4 30. Rd1 Qc5 31. Rxg5 Reg8 32. Qd3 Rxg5 33. Qxd7+ Kf6 34. Rd6+ Qxd6 35. Qxd6+ Kg7 36. Qe7+ Kh6 37. Qf6+ Kh7 38. Qxg5 1-0


[Site "https://www.chess.com"]

[Event "Titled Tuesday Blitz March 21 Early 2023"]
[White "Lesbekova, Assel"]
[Black "Gontcharov, Vladislav"]
[WhiteFideId "13713248"]
[BlackFideId "4123492"]
[WhiteElo "1799"]
[BlackElo "2470"]
[Result "0-1"]
[Round "03"]
[TimeControl "180+2"]
[Date "2023.03.21"]
[WhiteClock "0:00:23"]
[BlackClock "0:00:22"]

1. e4 e6 2. d4 d5 3. Bd3 dxe4 4. Bxe4 Nf6 5. Bf3 c5 6. Ne2 Nc6 7. Be3 cxd4 8. Nxd4 Ne5 9. Be2 Be7 10. O-O O-O 11. c4 Bd7 12. Nc3 Nc6 13. Bf3 Qc8 14. Ndb5 Ne5 15. b3 Nxf3+ 16. Qxf3 Bc6 17. Qg3 a6 18. Nd6 Bxd6 19. Qxd6 Rd8 20. Qg3 Ne4 21. Nxe4 Bxe4 22. Rad1 Qc6 23. f3 Bg6 24. Qf2 b5 25. c5 b4 26. Rd2 a5 27. Rfd1 Rxd2 28. Qxd2 h6 29. Qd6 Rc8 30. Qd7 Qxd7 31. Rxd7 Bb1 32. Rd2 Kf8 33. Bf4 Ke8 34. Bd6 f6 35. f4 Be4 36. Kf2 Bc6 37. Ke3 Ra8 38. Bc7 Bd5 39. f5 Kf7 40. fxe6+ Kxe6 41. Kd4 f5 42. g4 g6 43. Bf4 h5 44. gxf5+ gxf5 45. Re2+ Be4 46. Kc4 Kd7 47. Kb5 Bd3+ 48. Kb6 Bxe2 49. c6+ Kc8 0-1


[Site "https://www.chess.com"]

[Event "Titled Tuesday Blitz March 21 Early 2023"]
[White "Filgueira, Hernan"]
[Black "Zaichenko, Daria"]
[WhiteFideId "101770"]
[BlackFideId "4197453"]
[WhiteElo "2363"]
[BlackElo "2039"]
[Result "1-0"]
[Round "03"]
[TimeControl "180+2"]
[Date "2023.03.21"]
[WhiteClock "0:00:11"]
[BlackClock "0:00:02"]

1. c4 e6 2. Nc3 d5 3. d4 Be7 4. cxd5 exd5 5. Bf4 c6 6. e3 Bf5 7. Nge2 Nd7 8. Ng3 Be6 9. Nh5 Kf8 10. Bg3 f5 11. Nf4 Bf7 12. Bd3 g6 13. h4 Ngf6 14. h5 g5 15. Nfe2 Ne4 16. Qc2 Qe8 17. h6 Ndf6 18. Be5 Bg6 19. f3 Nxc3 20. Nxc3 Qd7 21. O-O-O Kf7 22. Kb1 b5 23. e4 dxe4 24. fxe4 f4 25. Bxf6 Bxf6 26. e5 Be7 27. Rhe1 Qe6 28. Be4 Bxe4 29. Nxe4 Rad8 30. Rd2 Rd5 31. Red1 Rhd8 32. Nc3 R5d7 33. Qxh7+ Kf8 34. Qg7+ Ke8 35. h7 Qf5+ 36. Ka1 Bf8 37. Qxd7+ Rxd7 38. h8=Q Rh7 39. Qf6 1-0


[Site "https://www.chess.com"]

[Event "Titled Tuesday Blitz March 21 Early 2023"]
[White "Alex_Sahakyan2006"]
[Black "Ardila, Oscar Humberto"]
[BlackFideId "4404742"]
[WhiteElo "2613"]
[BlackElo "1911"]
[Result "1-0"]
[Round "03"]
[TimeControl "180+2"]
[Date "2023.03.21"]
[WhiteClock "0:00:04"]
[BlackClock "0:00:01"]

1. e4 e5 2. Nf3 Nf6 3. d3 Nc6 4. g3 g6 5. Bg2 Bg7 6. O-O O-O 7. c3 d6 8. h3 Nh5 9. b4 a6 10. a4 Bd7 11. Ra3 Qe8 12. b5 Nd8 13. c4 Ne6 14. Nc3 Nc5 15. Nd5 Qd8 16. Nh4 c6 17. bxc6 bxc6 18. Nc3 Rb8 19. Nf5 Be6 20. Nxg7 Kxg7 21. Be3 Qa5 22. d4 Bxc4 23. dxc5 Bxf1 24. Bxf1 dxc5 25. Qc1 Kg8 26. Ra2 Rb3 27. Rc2 Rfb8 28. Kh2 Ng7 29. Bc4 R3b4 30. Ba2 R8b7 31. Qd2 Rd4 32. Bxd4 exd4 33. Nb1 Qxa4 34. Rb2 Rb5 35. Qc2 Qa5 36. Qc4 Qc7 37. Re2 Ne6 38. f4 Rb4 39. Qc1 Qb6 40. f5 Ng7 41. f6 Ne8 42. Qh6 Rb2 43. Rf2 Rxf2+ 44. Kg1 d3 45. Kxf2 c4+ 46. Qe3 Qb2+ 47. Qd2 Qb6+ 48. Kf3 c5 49. Qc3 Qd6 50. Qxc4 Qxf6+ 51. Ke3 Qg5+ 52. Kxd3 Qxg3+ 53. Kc2 Qf2+ 54. Nd2 Nd6 55. Qd5 1-0


[Site "https://www.chess.com"]

[Event "Titled Tuesday Blitz March 21 Early 2023"]
[White "Putri, Regita Desyari"]
[Black "Decuigniere, Tom"]
[WhiteFideId "7109083"]
[BlackFideId "26093820"]
[WhiteElo "1930"]
[BlackElo "2312"]
[Result "0-1"]
[Round "03"]
[TimeControl "180+2"]
[Date "2023.03.21"]
[WhiteClock "0:00:18"]
[BlackClock "0:00:41"]

1. d4 Nf6 2. c4 e6 3. Nf3 Bb4+ 4. Bd2 Qe7 5. a3 Bxd2+ 6. Nbxd2 O-O 7. e4 d5 8. e5 Ne4 9. Nxe4 dxe4 10. Nd2 c5 11. Nxe4 cxd4 12. Qxd4 Rd8 13. Qc3 Nc6 14. f4 Qh4+ 15. g3 Qg4 16. Nf2 Qg6 17. Bd3 Qh5 18. Be2 Qg6 19. Rd1 Rxd1+ 20. Bxd1 b6 21. O-O Bb7 22. Bf3 Rd8 23. b4 Nd4 24. Rd1 Bxf3 25. Rxd4 Qb1+ 26. Nd1 Rxd4 27. Qxd4 Qxd1+ 28. Qxd1 Bxd1 29. Kf2 Kf8 30. Ke3 Ke7 31. Kd4 Kd7 32. h3 h5 33. c5 Kc6 34. cxb6 axb6 35. Ke4 Kb5 36. Kd4 Ka4 0-1


[Site "https://www.chess.com"]

[Event "Titled Tuesday Blitz March 21 Early 2023"]
[White "Hernandez Jimenez, Alexander Andres"]
[Black "Jeet, Jain"]
[WhiteFideId "3900452"]
[BlackFideId "5073022"]
[WhiteElo "2112"]
[BlackElo "2067"]
[Result "0-1"]
[Round "03"]
[TimeControl "180+2"]
[Date "2023.03.21"]
[WhiteClock "0:00:20"]
[BlackClock "0:01:08"]

1. e4 c6 2. d4 d5 3. exd5 cxd5 4. Bd3 Nf6 5. c3 Nc6 6. Bg5 h6 7. Bh4 Bg4 8. Qb3 Qd7 9. Nd2 e6 10. Ngf3 Bd6 11. Bg3 Bxf3 12. Nxf3 O-O 13. O-O Ne4 14. Bxd6 Nxd6 15. Rfe1 Rab8 16. a4 a6 17. Ne5 Nxe5 18. dxe5 Nc8 19. a5 Ne7 20. f4 Rfc8 21. Qa4 Qxa4 22. Rxa4 Nc6 23. Rea1 Kf8 24. Kf2 Ke7 25. Ke3 f6 26. exf6+ gxf6 27. c4 d4+ 28. Kd2 e5 29. b4 Rg8 30. Be4 Ke6 31. f5+ Kd6 32. g3 h5 33. b5 Na7 34. Rb4 h4 35. Ra3 hxg3 36. hxg3 axb5 37. cxb5 Rh8 38. a6 b6 39. Rc4 Rh2+ 40. Kd3 Rg8 41. Ra1 Rxg3+ 0-1


[Site "https://www.chess.com"]

[Event "Titled Tuesday Blitz March 21 Early 2023"]
[White "Safin, Robert"]
[Black "Pniaczek, Marek"]
[WhiteFideId "34189120"]
[BlackFideId "21800421"]
[WhiteElo "2245"]
[BlackElo "2138"]
[Result "1-0"]
[Round "03"]
[TimeControl "180+2"]
[Date "2023.03.21"]
[WhiteClock "0:00:03"]
[BlackClock "0:00:01"]

1. e4 e5 2. Nf3 Nc6 3. d4 exd4 4. Nxd4 Bc5 5. Nb3 Bb6 6. Qe2 Qf6 7. Nc3 Nge7 8. Be3 d6 9. O-O-O Bd7 10. g3 O-O-O 11. f4 Bxe3+ 12. Qxe3 Kb8 13. Kb1 h5 14. h3 Rhe8 15. Be2 h4 16. g4 g6 17. Rhf1 Qh8 18. a3 f5 19. Qf3 Rf8 20. g5 fxe4 21. Nxe4 Nf5 22. Nf6 Ng3 23. Rfe1 Bxh3 24. Bb5 Rxf6 25. gxf6 Bd7 26. f7 Qf6 27. Na5 Qxf7 28. Bxc6 bxc6 29. Nxc6+ Bxc6 30. Qxc6 Qd7 31. Qf3 Nf5 32. Rd3 c6 33. Rb3+ Ka8 34. Rc3 d5 35. Qg4 Rb8 36. Rd3 Ne7 37. Qxd7 1-0


[Site "https://www.chess.com"]

[Event "Titled Tuesday Blitz March 21 Early 2023"]
[White "Fabris, Alberto"]
[Black "MKlose11"]
[WhiteFideId "801348"]
[WhiteElo "2207"]
[BlackElo "2601"]
[Result "0-1"]
[Round "03"]
[TimeControl "180+2"]
[Date "2023.03.21"]
[WhiteClock "0:00:01"]
[BlackClock "0:00:29"]

1. e4 e6 2. d4 d5 3. Nc3 Bb4 4. e5 Ne7 5. a3 Bxc3+ 6. bxc3 c5 7. Nf3 Nbc6 8. Be2 O-O 9. O-O Qc7 10. Bf4 Na5 11. Re1 cxd4 12. cxd4 Nc4 13. Bd3 Nb2 14. Qd2 Nxd3 15. Qxd3 Bd7 16. Ng5 Ng6 17. Bg3 Rfc8 18. Rac1 Qc3 19. Re3 Qxd3 20. Rxd3 Rc4 21. c3 Rac8 22. Nf3 Ne7 23. Nd2 Ra4 24. Ra1 Nc6 25. Nb3 b6 26. f3 h6 27. Be1 Nd8 28. Kf2 Nb7 29. Ke3 Bb5 30. Rdd1 Bc4 31. Rdb1 Bxb3 32. Rxb3 Na5 33. Rb4 Nc4+ 34. Kd3 Ra5 35. a4 Kf8 36. Bd2 Ke8 37. Rab1 Kd7 38. Bc1 h5 39. h4 f6 40. exf6 gxf6 41. g3 Rg8 42. Bf4 e5 43. dxe5 fxe5 44. Bg5 Kd6 45. Rf1 Rc5 46. g4 Rh8 47. gxh5 Rxh5 48. f4 e4+ 49. Ke2 Na5 50. f5 Nc6 51. Rb3 Ne5 52. f6 Nf7 53. Rg1 Ke5 54. Ke3 Rh8 55. Ra3 Rhc8 56. Rc1 Rh8 57. Rg1 Rc6 58. Rb3 a6 59. Ra3 b5 60. axb5 axb5 61. Rb3 Rc4 62. Kd2 Rc5 63. Rb4 Ra8 64. Rb2 Ra3 65. Rc2 Rc4 66. Rg3 b4 67. h5 Raxc3 68. Rcxc3 Rxc3 0-1


[Site "https://www.chess.com"]

[Event "Titled Tuesday Blitz March 21 Early 2023"]
[White "Loiacono, Antonio"]
[Black "Adithya A Chullikkad"]
[WhiteFideId "895415"]
[BlackFideId "45078734"]
[WhiteElo "2257"]
[BlackElo "1984"]
[Result "0-1"]
[Round "03"]
[TimeControl "180+2"]
[Date "2023.03.21"]
[WhiteClock "0:00:09"]
[BlackClock "0:00:42"]

1. e4 c5 2. Nf3 d6 3. d4 cxd4 4. Nxd4 Nf6 5. Nc3 a6 6. a4 e5 7. Nf3 h6 8. Bc4 Qc7 9. Bb3 Nc6 10. O-O Be7 11. h3 O-O 12. Be3 Na5 13. Bd5 Nc4 14. Bc1 Be6 15. Re1 Bxd5 16. Nxd5 Nxd5 17. Qxd5 Nb6 18. Qd3 Rac8 19. c3 Rfd8 20. Be3 Nc4 21. Bc1 Nb6 22. Qe2 Qc6 23. a5 Nd7 24. Nd2 Nc5 25. Nf1 Nb3 26. Ra2 Nxc1 27. Rxc1 Qc4 28. Qxc4 Rxc4 29. f3 d5 30. Rd1 d4 31. Nd2 dxc3 32. bxc3 Rxc3 33. Kf2 Bc5+ 34. Ke1 Re3+ 35. Kf1 Red3 36. Ke2 Bb4 37. Rb2 Bxa5 38. Nc4 Rxd1 39. Nxa5 R1d7 40. Rb6 Rd2+ 41. Kf1 Ra2 42. Nxb7 Rd1# 0-1


[Site "https://www.chess.com"]

[Event "Titled Tuesday Blitz March 21 Early 2023"]
[White "lisjakzlatko1"]
[Black "Pinheiro, Iung Alicio de O."]
[BlackFideId "2104350"]
[WhiteElo "2198"]
[BlackElo "2283"]
[Result "0-1"]
[Round "03"]
[TimeControl "180+2"]
[Date "2023.03.21"]
[WhiteClock "0:00:01"]
[BlackClock "0:00:11"]

1. e4 c5 2. b4 b6 3. a3 e6 4. Bb2 Bb7 5. bxc5 Bxe4 6. Nc3 Bb7 7. cxb6 axb6 8. Nf3 Nf6 9. Bd3 Be7 10. O-O O-O 11. Qe2 Na6 12. Ne5 Nc5 13. Bb5 Rc8 14. f3 d6 15. Nc4 Qc7 16. d4 Ncd7 17. Rf2 Rfe8 18. Ne4 Red8 19. a4 e5 20. Rd1 Nxe4 21. fxe4 Nf6 22. d5 Rf8 23. Rdf1 Qd8 24. Qf3 g6 25. Ne3 Nh5 26. Nf5 Bg5 27. g3 Ng7 28. Nxg7 Kxg7 29. Qg4 h5 30. Qd1 Be3 0-1


[Site "https://www.chess.com"]

[Event "Titled Tuesday Blitz March 21 Early 2023"]
[White "Kim, Sergey"]
[Black "Palacio,Igor Da Paz"]
[WhiteFideId "13700570"]
[BlackFideId "2121140"]
[WhiteElo "2596"]
[BlackElo "2126"]
[Result "1-0"]
[Round "03"]
[TimeControl "180+2"]
[Date "2023.03.21"]
[WhiteClock "0:01:13"]
[BlackClock "0:00:09"]

1. d4 Nf6 2. c4 g6 3. Nc3 Bg7 4. e4 d6 5. Nge2 Kf8 6. Ng3 h5 7. Be2 Nbd7 8. h3 c5 9. d5 a6 10. a4 b6 11. O-O h4 12. Nh1 Nh5 13. Be3 Rb8 14. Qd2 Bf6 15. f4 Kg7 16. Rae1 Qc7 17. Bd3 Bb7 18. e5 dxe5 19. f5 e4 20. Nxe4 Ne5 21. fxg6 fxg6 22. Ng5 Bc8 23. b3 Qd6 24. Be2 Bf5 25. Rxf5 gxf5 26. Ne6+ Kf7 27. Rf1 f4 28. Nxf4 Nxf4 29. Bxf4 Rbg8 30. Nf2 Ke8 31. Ng4 Kd8 32. Qe3 Rg7 33. Bxe5 Bxe5 34. Nxe5 Rhg8 35. Nf7+ Rxf7 36. Rxf7 Qg6 37. Qxe7+ Kc8 38. Qc7# 1-0


[Site "https://www.chess.com"]

[Event "Titled Tuesday Blitz March 21 Early 2023"]
[White "Lukiyanchuk, Vladislav"]
[Black "Rose, Felix"]
[WhiteFideId "14127113"]
[BlackFideId "5105722"]
[WhiteElo "2345"]
[BlackElo "2039"]
[Result "1-0"]
[Round "03"]
[TimeControl "180+2"]
[Date "2023.03.21"]
[WhiteClock "0:00:59"]
[BlackClock "0:00:03"]

1. d4 Nf6 2. Bg5 d5 3. Nd2 Nbd7 4. e3 c6 5. Ngf3 h6 6. Bh4 Qb6 7. Nb3 a5 8. Rb1 a4 9. Nbd2 e6 10. Bd3 Bd6 11. O-O O-O 12. c4 Qa7 13. e4 Nxe4 14. Nxe4 dxe4 15. Bxe4 e5 16. Bc2 exd4 17. Nxd4 Ne5 18. Nxc6 bxc6 19. Qxd6 Re8 20. Rfe1 f6 21. Bg3 Ba6 22. Bxe5 Rad8 23. Qxc6 fxe5 24. Rbd1 Rf8 25. c5 Rc8 26. Qe6+ Kh8 27. Qg6 Kg8 28. Qh7+ Kf7 29. Bg6+ Kf6 30. Rd6+ Kg5 31. Bc2 Qxc5 32. Qg6+ Kf4 33. Qg3# 1-0


[Site "https://www.chess.com"]

[Event "Titled Tuesday Blitz March 21 Early 2023"]
[White "Jaivardhan Raj"]
[Black "Yelisieiev, Yevhenii"]
[WhiteFideId "25744437"]
[BlackFideId "14139642"]
[WhiteElo "1772"]
[BlackElo "2447"]
[Result "1/2-1/2"]
[Round "03"]
[TimeControl "180+2"]
[Date "2023.03.21"]
[WhiteClock "0:00:11"]
[BlackClock "0:00:19"]

1. e4 d6 2. d4 Nf6 3. Nc3 e5 4. dxe5 dxe5 5. Qxd8+ Kxd8 6. Nf3 Bd6 7. Bg5 Nd7 8. O-O-O a6 9. Nd5 Ke8 10. Nxf6+ Nxf6 11. Bd3 b5 12. Rhe1 Bb7 13. h3 Nd7 14. c4 Nc5 15. cxb5 Nxd3+ 16. Rxd3 axb5 17. Rb3 f6 18. Bd2 c6 19. a3 Bc8 20. Bb4 Be6 21. Rc3 Bxb4 22. axb4 Ra1+ 23. Kc2 Rxe1 24. Nxe1 Kd7 25. Nd3 Bc4 26. Nc5+ Kd6 27. b3 Bf1 28. Rg3 g6 29. Kd2 Ra8 30. Rf3 Ra2+ 31. Ke1 Ra1+ 32. Kd2 Ke7 33. Rg3 g5 34. Nb7 Ra2+ 35. Ke1 Be2 36. Nc5 Bh5 37. Rd3 Be8 38. Rd2 Ra1+ 39. Rd1 Ra2 40. Rd2 Ra1+ 41. Rd1 Ra7 42. Rd2 Bf7 43. f3 h5 44. Rd3 h4 45. Ke2 Kf8 46. Nd7+ Kg7 47. Nc5 Kg6 48. Ke3 Ra2 49. Rd2 Ra1 50. Kf2 Rb1 51. Rd3 Rb2+ 52. Kf1 Kg7 53. Rd7 Kg6 54. Rd3 Rb1+ 55. Kf2 Rb2+ 56. Kf1 1/2-1/2


[Site "https://www.chess.com"]

[Event "Titled Tuesday Blitz March 21 Early 2023"]
[White "Diaz Rosas, Julio Cesar"]
[Black "lolliNOPE"]
[WhiteFideId "5105099"]
[WhiteElo "2270"]
[BlackElo "2024"]
[Result "1/2-1/2"]
[Round "03"]
[TimeControl "180+2"]
[Date "2023.03.21"]
[WhiteClock "0:00:15"]
[BlackClock "0:00:55"]

1. e4 c6 2. d4 d5 3. exd5 cxd5 4. Bd3 Nc6 5. c3 Nf6 6. h3 g6 7. Nf3 Bf5 8. Bxf5 gxf5 9. O-O e6 10. Bg5 Be7 11. Bxf6 Bxf6 12. Re1 Qc7 13. Na3 O-O-O 14. Rc1 Kb8 15. b4 Rhg8 16. Qd2 Rg6 17. Nb5 Qe7 18. Qf4+ Kc8 19. c4 dxc4 20. Rxc4 a6 21. Na7+ Kd7 22. Nxc6 bxc6 23. Rec1 Rc8 24. Ne5+ Bxe5 25. dxe5 Qg5 26. Qxg5 Rxg5 27. f4 Rg3 28. Rd4+ Ke7 29. Rd6 Ra3 30. Rdxc6 Rxc6 31. Rxc6 Rxa2 32. Rc7+ Kf8 33. Ra7 Ra4 34. g3 Kg7 35. Kf2 h5 36. Ke3 Ra3+ 37. Kd4 Rxg3 38. Rxa6 Rf3 39. b5 Rxf4+ 40. Kc5 Rf1 41. Ra4 f4 42. b6 f3 43. b7 f2 44. Rf4 Rb1 45. Kc6 Rc1+ 46. Kd6 Rb1 47. Kc7 Rc1+ 48. Kd8 Rb1 49. Kc7 Rc1+ 50. Kd8 Rb1 51. Rxf2 Rxb7 52. Rg2+ Kh6 53. Ke8 Rb5 54. Kxf7 Rxe5 55. Rg6+ Kh7 56. Rg7+ Kh6 57. Rg6+ Kh7 58. Rg7+ Kh6 59. Rg6+ 1/2-1/2


[Site "https://www.chess.com"]

[Event "Titled Tuesday Blitz March 21 Early 2023"]
[White "Tarnowska, Aleksandra"]
[Black "Sokac, Marko"]
[WhiteFideId "1180967"]
[BlackFideId "14531356"]
[WhiteElo "1776"]
[BlackElo "2355"]
[Result "0-1"]
[Round "03"]
[TimeControl "180+2"]
[Date "2023.03.21"]
[WhiteClock "0:00:02"]
[BlackClock "0:00:17"]

1. e4 d6 2. d4 Nf6 3. Nc3 c6 4. Be3 Nbd7 5. Qd2 e5 6. f3 Be7 7. h4 b5 8. g4 b4 9. Nce2 a5 10. Nh3 Nb6 11. Ng3 g6 12. g5 Nfd7 13. f4 Qc7 14. f5 d5 15. f6 Bd6 16. Ne2 Nc4 17. Qd3 Nxb2 18. Qb3 Nc4 19. exd5 cxd5 20. Bg2 e4 21. O-O a4 22. Qb1 Nxe3 23. Nef4 Bb7 24. Rf2 Nxg2 25. Rxg2 Bxf4 26. Nxf4 Qxf4 27. Qxb4 O-O-O 28. c4 Qe3+ 29. Kh1 Qxd4 30. Rb1 Qb6 31. Qxb6 Nxb6 32. Rxb6 h6 33. Rgb2 Rd7 34. c5 Rc7 35. c6 Bxc6 36. Rb8+ Kd7 37. Rxh8 hxg5 38. hxg5 d4 39. Rh7 Ke6 40. Rb4 d3 41. Rd4 Ke5 42. Rd8 Bd5 43. Kg1 e3 44. Rh2 Rc1# 0-1


[Site "https://www.chess.com"]

[Event "Titled Tuesday Blitz March 21 Early 2023"]
[White "Lwanga, Aguda"]
[Black "Ordekalog"]
[WhiteFideId "10801529"]
[WhiteElo "1475"]
[BlackElo "2588"]
[Result "0-1"]
[Round "03"]
[TimeControl "180+2"]
[Date "2023.03.21"]
[WhiteClock "0:01:48"]
[BlackClock "0:02:09"]

1. e4 d5 2. exd5 Qxd5 3. d4 e5 4. dxe5 Qxd1+ 5. Kxd1 Nc6 6. Bb5 Bd7 7. Bxc6 Bxc6 8. Nf3 O-O-O+ 9. Ke2 Bb5+ 10. Ke1 Bc5 11. Nc3 Ba6 12. Bg5 f6 13. exf6 Nxf6 14. Bxf6 gxf6 15. Nd1 Rhe8+ 16. Ne3 f5 17. g3 Bxe3 18. fxe3 Rxe3+ 19. Kf2 Re2+ 20. Kf1 Rxc2+ 21. Kg1 Rxb2 22. h4 Rd3 23. Rh2 0-1


[Site "https://www.chess.com"]

[Event "Titled Tuesday Blitz March 21 Early 2023"]
[White "Semenova, Alina"]
[Black "Denishev, Marat"]
[WhiteFideId "24113875"]
[BlackFideId "24131563"]
[WhiteElo "1833"]
[BlackElo "2302"]
[Result "0-1"]
[Round "03"]
[TimeControl "180+2"]
[Date "2023.03.21"]
[WhiteClock "0:00:08"]
[BlackClock "0:01:26"]

1. e4 g6 2. d4 Bg7 3. Nc3 a6 4. f4 d6 5. Bc4 b5 6. Bb3 e6 7. Nf3 Bb7 8. a3 Nf6 9. Qe2 O-O 10. O-O c5 11. dxc5 dxc5 12. e5 Nd5 13. Ne4 c4 14. Ba2 Nc6 15. Nd6 Rb8 16. c3 Ba8 17. Bb1 Na5 18. Nd4 Rb6 19. g4 Rxd6 20. exd6 Qxd6 21. f5 exf5 22. gxf5 Nxc3 23. bxc3 Bxd4+ 24. cxd4 Qxd4+ 25. Be3 Qxa1 26. fxg6 hxg6 27. Bxg6 Qg7 28. Qg4 Qxg6 29. Qxg6+ fxg6 30. Bc5 Rxf1+ 31. Kxf1 Kf7 32. Kf2 Ke6 33. Bb4 Nc6 34. Bc5 a5 35. h4 Kd5 36. Bf8 b4 37. axb4 axb4 38. Ke3 c3 39. Bg7 Kc4 40. Kf4 b3 41. Kg5 b2 42. Bxc3 Kxc3 43. Kxg6 b1=Q+ 44. Kg7 Qf5 45. h5 Ne7 46. h6 Bd5 47. Kh8 Qf8+ 48. Kh7 Qg8# 0-1


[Site "https://www.chess.com"]

[Event "Titled Tuesday Blitz March 21 Early 2023"]
[White "Prado, Alexandra"]
[Black "Derjabin, Ilja"]
[WhiteFideId "3301346"]
[BlackFideId "14104768"]
[WhiteElo "1759"]
[BlackElo "2309"]
[Result "0-1"]
[Round "03"]
[TimeControl "180+2"]
[Date "2023.03.21"]
[WhiteClock "0:00:01"]
[BlackClock "0:00:19"]

1. e4 c5 2. Nf3 d6 3. c3 Nf6 4. Be2 g6 5. O-O Bg7 6. Re1 O-O 7. Bf1 a6 8. a4 Nc6 9. Na3 Bg4 10. h3 Bxf3 11. Qxf3 Nd7 12. Nc4 b5 13. axb5 axb5 14. Rxa8 Qxa8 15. Ne3 c4 16. d3 Nce5 17. Qd1 cxd3 18. Bxd3 Nxd3 19. Qxd3 Nc5 20. Qd5 Qxd5 21. exd5 Ra8 22. Nc2 Ra2 23. Rxe7 Bf6 24. Re8+ Kg7 25. Nb4 Ra1 26. Re1 Bg5 27. Bd2 Rxe1+ 28. Bxe1 Bc1 29. Kf1 Bxb2 30. Ke2 Kf6 31. Bd2 Ke5 32. f4+ Ke4 33. g4 Na4 0-1


[Site "https://www.chess.com"]

[Event "Titled Tuesday Blitz March 21 Early 2023"]
[White "Grot, Blazej"]
[Black "Timofeev, Artyom"]
[WhiteFideId "21835845"]
[BlackFideId "4140419"]
[WhiteElo "1823"]
[BlackElo "2586"]
[Result "1/2-1/2"]
[Round "03"]
[TimeControl "180+2"]
[Date "2023.03.21"]
[WhiteClock "0:01:05"]
[BlackClock "0:01:01"]

1. e4 c5 2. Nf3 Nc6 3. Bb5 e6 4. O-O Nge7 5. Re1 a6 6. Bf1 d5 7. exd5 Qxd5 8. Nc3 Qd8 9. Ne4 Nf5 10. c3 Be7 11. d3 b6 12. a4 O-O 13. g4 Nd6 14. Bf4 Bb7 15. Bg3 Qd7 16. Qb3 Nxe4 17. dxe4 Bd8 18. Rad1 Qc8 19. h3 Bc7 20. Bh4 Rb8 21. Qc2 Ne5 22. Nxe5 Bxe5 23. Be7 Re8 24. Bd6 Bxd6 25. Rxd6 Qc7 26. Red1 Red8 27. e5 Ba8 28. Bg2 Bxg2 29. Kxg2 Rxd6 30. Rxd6 Qb7+ 31. f3 h6 32. h4 b5 33. a5 b4 34. Rb6 Qc8 35. cxb4 cxb4 36. Qxc8+ Rxc8 37. Rxb4 Rc5 38. f4 Rxa5 39. Rb8+ Kh7 40. Rb7 Kg8 41. Rb8+ Kh7 42. Rb7 Kg8 43. Rb8+ 1/2-1/2


[Site "https://www.chess.com"]